cohdb
Replays
Latest Replays
All Replays
Popular Replays
Top Player Replays
Match Explorer
How It Works
Community
CoH3 Stats
Reddit
Sign in to upload your games and track your stats! →
Sign in with Steam
Match 36794922
Unlisted
Match 36794922
Overview
Messages
Build Orders
End
Panzergrenadier Squad
Selects Battlefield Espionage Battlegroup
250 Light Carrier
Panzergrenadier Squad
Construct Light Support Kompanie
Fire Support Elements
Panzergrenadier Squad
Selects Intel Disruption Beacon
Pak 38 Mechanized Group
Combat Half-tracks
Flakvierling Half-track
2.5-tonne Medical Truck
Veteran Squad Leaders
Pak 38 Mechanized Group
2.5-tonne Medical Truck
Selects 250/3 Funkpanzerwagen
Selects Anti-Tank Incendiary Munitions
Construct Panzerarmee Kommand
Selects Plunder
Selects Firestorm
Flak 36 Anti-tank Gun Team
Firestorm
Firestorm
UH|dun! ツ
UH|ck
UH|XTC
GHOST
RDFlight
Sentinel
0
0
Comments
sign in to comment!
No comments posted yet!